 Dungeon Crawl Stone Soup version 0.31-a0-702-gf82c85558f (webtiles) character file.

Game seed: 4742254175248260870

63 qw the Shooter (level 4, -1/28 HPs)
             Began as a Gargoyle Hunter on Sept 8, 2023.
             Slain by a gnoll
             ... wielding a +0 flail
              (3 damage)
             ... on level 2 of the Dungeon.
             The game lasted 00:00:29 (1376 turns).

qw the Shooter (Gargoyle Hunter)                    Turns: 1376, Time: 00:00:29

Health: -1/28      AC:  7    Str: 15    XL:     4   Next: 10%
Magic:  4/4        EV: 11    Int:  9    God:
Gold:   29         SH:  0    Dex: 15    Spells: 3/3 levels left

rFire   . . .        Y - +0 shortbow
rCold   . . .        (shield currently unavailable)
rNeg    + . .        c - +0 leather armour
rPois   inf          (no helmet)
rElec   +            (no cloak)
rCorr   .            j - +0 pair of gloves
SInv    .            (no boots)
Will    .....        (no amulet)
Stlth   ++           (no ring)
HPRegen 0.24/turn    (no ring)
MPRegen 0.09/turn

%: no passive effects
@: no status effects
A: sickness immunity, AC +3, negative energy resistance 1, electricity
resistance, torment resistance 1, petrification resistance
a: no special abilities


You were on level 2 of the Dungeon.
You visited 1 branch of the dungeon, and saw 2 of its levels.

You collected 29 gold pieces.


Innate Abilities, Weirdness & Mutations

You are immune to sickness and miasma.
Your stone body is resilient. (AC +3)
You are immune to poison.
You resist negative energy. (rN+)
You are resistant to electric shocks. (rElec)
You are resistant to unholy torment.
You are immune to petrification.


   Skills:
 - Level 3.1 Fighting
 + Level 5.1 Ranged Weapons
 - Level 1.5 Dodging
 - Level 1.1 Stealth


You had 3 spell levels left.
You didn't know any spells.
Your spell library was empty.

Inventory:

Hand Weapons
 Y - a +0 shortbow (weapon)
Armour
 c - a +0 leather armour (worn)
 j - a +0 pair of gloves (worn)
Scrolls
 a - a scroll of fear {unknown}
Potions
 d - 3 potions of haste {unknown}
 e - a potion of curing
 f - a potion of cancellation {unknown}
 g - a potion of mutation {unknown}
 k - a potion of lignification {unknown}
 m - a potion of degeneration {unknown}

Dungeon Overview and Level Annotations

Branches:
Dungeon (2/15)

Altars:


Message History

Enter note:
Enter note:
Enter note:
Enter note:
1366 ||| Stepping ~*~*~tactically~*~*~ (retreating).
The gnoll hits you from afar with a +0 spear.
You shoot an arrow. The arrow hits the gnoll.
The gnoll is lightly wounded.
The gnoll hits you from afar with a +0 spear.
The gnoll hits you but does no damage.
You shoot an arrow. The arrow hits the gnoll!
The gnoll is severely wounded.
The gnoll hits you from afar with a +0 spear.
The gnoll hits you with a +0 club.
You shoot an arrow. The arrow hits the gnoll.
You kill the gnoll!
The gnoll hits you from afar with a +0 spear.
Your Fighting skill increases to level 3!
You shoot an arrow. The arrow closely misses the gnoll.
The gnoll closely misses you.
You shoot an arrow. The arrow hits the gnoll!
The gnoll is severely wounded.
You hear a shout!
The gnoll completely misses you. The gnoll misses you.
You shoot an arrow. The arrow hits the gnoll.
The gnoll is severely wounded.
The gnoll barely misses you.
You shoot an arrow. The arrow hits the gnoll.
You kill the gnoll!
You have reached level 4!
You feel stronger.
You shoot an arrow. The arrow closely misses the gnoll.
The gnoll hits you with a +0 flail.
You shoot an arrow. The arrow hits the gnoll.
The gnoll is heavily wounded.
The gnoll hits you but does no damage.
You shoot an arrow. The arrow closely misses the gnoll.
The arrow hits the adder!
The adder is severely wounded.
The gnoll hits you with a +0 flail.
You die...

,,,~~~~~.....#*#............%....
,,~~***~~.....######.#####...###.
,~~** **~~....~#...#.# #..)#.#.
~~** **¤~¤...#.#.#.#####.......
~** *#¤....'<#............... ~*
#¤¤...'|#....#.#####...# ~**
*#¤....gS####.#.# #..## ~~**
*#~~....#g#.)..#.# #.## ,~~**
**~~¤...~#@#.####.# #.#
,,~~***~~.¤...##.#.####.# #.#
,,,~~~~~..¤..#*#......>.# #.#
,,,,,~,,S...#* ##.####### #.#
,,,,,,,,...#* #.# #.#
*,,,,,,,.!#* #.# #.# **~,,,,,~**
#.# #.### ,***+++***** #.# #....
**,,,,,,,,,*****#.# ####.


You could see a gnoll, an adder and a hobgoblin.

Vanquished Creatures
  2 gnolls (D:2)
  2 dart slugs
  8 ball pythons
  4 bats (D:1)
  4 endoplasms
  2 giant cockroaches (D:1)
  3 goblins
  4 hobgoblins
  3 frilled lizards
  2 kobolds (D:1)
  4 rats (D:1)
38 creatures vanquished.

Notes
Turn   | Place    | Note
-------+----------+-------------------------------------------
     0 | D:1      | qw the Gargoyle Hunter began the quest for the Orb.
     0 | D:1      | Reached XP level 1. HP: 12/12 MP: 1/1
     0 | D:1      | 0 ||| qw: Version: 0.3-a-76-g4403597
     0 | D:1      | 0 ||| qw: Game counter: 1164
     0 | D:1      | 0 ||| qw: Melee chars always use a shield: true
     0 | D:1      | 0 ||| qw: God list: Okawaru
     0 | D:1      | 0 ||| qw: Allow faded altars: false
     0 | D:1      | 0 ||| qw: Do Orc after clearing Dungeon:15 true
     0 | D:1      | 0 ||| qw: Do second Lair branch before Depths: true
     0 | D:1      | 0 ||| qw: Lair rune preference: random
     0 | D:1      | 0 ||| qw: Goals: Normal
     0 | D:1      | 0 ||| PLANNING D:1-11
   167 | D:1      | Reached XP level 2. HP: 17/17 MP: 2/2
   480 | D:1      | Reached XP level 3. HP: 21/21 MP: 3/3
   525 | D:1      | Reached skill level 5 in Ranged Weapons
   879 | D:1      | You fall into a shaft and drop 1 floor!
   992 | D:2      | 992 ||| UPGRADING to +0 pair of gloves.
   997 | D:2      | 997 ||| READING scroll labelled XILOOL IMAU.
   998 | D:2      | 998 ||| READING scroll labelled OLUOMOEGEI.
   999 | D:2      | 999 ||| READING scroll labelled SABREE RORPHOOC.
  1000 | D:2      | 1000 ||| DRINKING 2 lumpy dark potions.
  1001 | D:2      | 1001 ||| DROPPING scroll of butterflies.
  1135 | D:1      | 1135 ||| READING scroll labelled ISICIH FAD.
  1364 | D:2      | 1364 ||| Stepping ~*~*~tactically~*~*~ (retreating).
  1365 | D:2      | 1365 ||| Stepping ~*~*~tactically~*~*~ (retreating).
  1366 | D:2      | 1366 ||| Stepping ~*~*~tactically~*~*~ (retreating).
  1369 | D:2      | HP: 5/22 [gnoll/+0 spear (4)]
  1370 | D:2      | Reached skill level 3 in Fighting
  1374 | D:2      | Reached XP level 4. HP: 7/28 MP: 4/4
  1374 | D:2      | HP: 1/28 [gnoll/+0 flail (6)]
  1376 | D:2      | Slain by a gnoll

Levels and vault maps discovered:
D:1:      dpeg_arrival_circle_labyrinth_b, layout_loops_ring, patterned_corridor
D:2:      layout_loops_corners, ebering_ecumenical_altar_webs, kennysheep_donut,
          minmay_misc_feat_hallway, nicolae_hexahallways

Skill      XL: |  1  2  3 |
---------------+----------+-----
Ranged Weapons | 5 |  5.1
Fighting       | 3 |  3.1
Dodging        | |  1.5
Stealth        | |  1.1

Action                     |  1- 3 |  4- 6 || total
---------------------------+-------+-------++-------
   Fire: Shortbow          |   110 |     3 ||   113
    Use: Scroll            |     4 |       ||     4
         Potion            |     1 |       ||     1
 Armour: Leather armour    |    29 |     3 ||    32
  Dodge: Dodged            |    31 |       ||    31

Table legend:
 A = Non-vault XP
 B = Vault XP
 C = Vault XP percentage of total XP
 D = Non-vault monster count
 E = Vault monster count
 F = Vault count percentage of total count
                 A         B        C        D         E       F
            +---------+---------+-------+---------+---------+-------
      Total |      91 |       0 |   0.0 |      38 |       0 |   0.0
            +---------+---------+-------+---------+---------+-------
        D:1 |      43 |       0 |   0.0 |      26 |       0 |   0.0
        D:2 |      48 |       0 |   0.0 |      12 |       0 |   0.0
            +---------+---------+-------+---------+---------+-------
